Map: Tours du crépuscule

Players

Bernd

  • Race: Protoss Protoss
  • League: Silver
  • Spawn Location: 1:00

zidar - Winner!

  • Race: Zerg Zerg
  • League: Silver
  • Spawn Location: 7:00

VOD

Have the link to the VOD?

Description

Time

  • Played on: Jan. 3, 2016, 7 a.m.
  • Length: 12:09
Show
View Real Time Build Order
Export as new Build Order

Bernd Protoss 

Build Orders: 1 Gate Expand 

Get SALT Encoding   

  12  0:01  Probe (Chrono Boost)  
  13  0:11  Probe (Chrono Boost)  
  14  0:24  Probe (Chrono Boost)  
  14  0:25  Pylon  
  15  0:43  Probe (Chrono Boost)  
  15  0:44  Gateway  
  16  0:53  Probe (Chrono Boost)  
  17  1:12  Nexus  
  17  1:20  Probe (Chrono Boost)  
  17  1:24  Assimilator  
  18  1:37  Probe (Chrono Boost)  
  19  1:47  Probe (Chrono Boost)  
  20  1:58  Probe (Chrono Boost)  
  21  2:09  Cybernetics Core, Zealot  
  21  2:14  Gateway  
  23  2:22  Pylon  
  23  2:26  Probe (Chrono Boost), Assimilator  
  23  2:28  Probe (Chrono Boost)  
  25  2:36  Probe (Chrono Boost)  
  26  2:38  Probe (Chrono Boost), Assimilator  
  27  2:47  Probe (Chrono Boost)  
  27  2:49  Probe (Chrono Boost)  
  29  2:57  Probe (Chrono Boost)  
  30  2:59  Probe (Chrono Boost)  
  31  3:08  Mothership Core (Chrono Boost)  
  31  3:10  Probe (Chrono Boost), Assimilator  
  34  3:15  Stalker  
  34  3:17  Sentry  
  38  3:20  Probe (Chrono Boost)  
  38  3:27  Probe (Chrono Boost)  
  40  3:31  Probe (Chrono Boost)  
  40  3:33  Warp Gate (Chrono Boost)  
  41  3:38  Gateway  
  41  3:39  Gateway  
  40  3:43  Probe x2 (Chrono Boost)  
  42  3:53  Probe (Chrono Boost)  
  43  3:58  Pylon  
  43  4:04  Probe (Chrono Boost)  
  43  4:05  Probe (Chrono Boost), Pylon  
  45  4:15  Probe (Chrono Boost)  
  45  4:16  Probe (Chrono Boost), Stalker  
  49  4:17  Pylon  
  49  4:20  Pylon  
  49  4:24  Sentry  
  51  4:25  Pylon  
  51  4:27  Stalker  
  53  4:33  Twilight Council  
  53  4:40  Sentry  
  55  4:46  Gateway  
  55  4:48  Gateway  
  55  4:49  Probe  
  56  5:02  Probe  
  56  5:03  Probe  
  56  5:06  Sentry x2  
  64  5:07  Sentry, Stalker  
  64  5:08  Blink (Chrono Boost)  
  66  5:18  Probe  
  66  5:19  Probe  
  68  5:28  Probe  
  69  5:42  Forge  
  69  5:44  Stalker  
  69  5:45  Stalker x4  
  79  5:58  Forge  
  79  6:05  Robotics Facility  
  79  6:07  Stalker x2  
  79  6:10  Stalker  
  85  6:17  Pylon  
  85  6:19  Protoss Ground Weapons Level 1 (Chrono Boost)  
  85  6:22  Pylon  
  85  6:41  Pylon  
  85  6:43  Protoss Ground Armor Level 1 (Chrono Boost), Pylon  
  85  6:46  Zealot x5  
  95  6:49  Sentry  
  97  6:58  Observer  
  98  7:07  Charge  
  98  7:24  Pylon  
  98  7:27  Pylon  
  98  7:29  Stalker  
  100  7:30  Pylon  
  100  7:32  Warp Prism (Chrono Boost)  
  102  7:40  Stalker x3  
  102  7:41  Stalker x2  
  112  8:11  Nexus  
  112  8:12  Observer (Chrono Boost)  
  113  8:13  Assimilator  
  113  8:17  Assimilator  
  83  8:57  Protoss Ground Weapons Level 2  
  78  9:05  Zealot  
  78  9:06  Zealot x5  
  90  9:17  Protoss Ground Armor Level 2  
  90  9:19  Immortal (Chrono Boost)  
  90  9:21  Probe  
  90  9:23  Probe x2  
  97  9:31  Stalker x4  
  97  9:32  Probe, Stalker x2  
  92  9:55  Stalker x3  
  92  9:56  Stalker x3  
  104  10:05  Observer (Chrono Boost)  
  105  10:09  Probe  
  105  10:11  Probe x2  
  108  10:20  Probe  
  108  10:23  Probe  
  108  10:24  Probe  
  111  10:30  Probe  
  111  10:34  Robotics Facility  
  112  10:36  Robotics Facility, Stalker  
  112  10:39  Nexus  
  112  10:41  Assimilator  
  114  10:45  Assimilator  
  102  10:56  Stalker x4  
  99  10:57  Stalker  
  95  11:04  Stalker  
  70  11:20  Gateway  
  70  11:21  Gateway  
  70  11:26  Immortal (Chrono Boost)  
  78  11:43  Probe  
  78  11:45  Probe x2  
  79  11:47  Stalker x2  
  79  11:48  Stalker x2  
  72  11:59  Stalker x2  
Show
View Real Time Build Order
Export as new Build Order

zidar Zerg - Winner!

Build Orders: 3 Hatch before Pool 

Get SALT Encoding   

  12  0:02  Drone  
  13  0:12  Overlord  
  13  0:19  Drone  
  14  0:30  Drone x2  
  16  0:39  Drone  
  17  0:58  Hatchery, Drone  
  17  1:05  Drone  
  18  1:30  Hatchery  
  18  1:31  Drone x2  
  19  1:46  Spawning Pool, Drone  
  19  1:53  Overlord  
  19  1:58  Extractor  
  18  2:03  Drone  
  19  2:15  Drone x3  
  21  2:32  Queen  
  21  2:33  Queen  
  21  2:35  Drone  
  26  2:56  Drone x7  
  33  3:04  Queen  
  35  3:24  Queen  
  37  3:35  Metabolic Boost  
  37  4:00  Drone x3  
  40  4:32  Roach Warren  
  39  4:42  Zergling x2  
  39  4:43  Zergling x4  
  42  4:46  Overlord x3  
  42  4:47  Overlord  
  42  4:49  Overlord  
  42  4:50  Overlord  
  42  4:53  Lair  
  42  4:58  Extractor  
  41  5:06  Evolution Chamber  
  40  5:13  Extractor  
  39  5:15  Extractor  
  39  5:17  Drone x8  
  46  5:39  Zerg Ground Armor Level 1  
  46  5:42  Drone x8  
  54  5:49  Evolution Chamber  
  53  6:02  Roach x12  
  53  6:03  Roach  
  79  6:18  Hydralisk Den  
  78  6:19  Drone x2  
  78  6:20  Drone  
  81  6:36  Overseer  
  81  6:38  Ravager  
  81  6:39  Ravager x2  
  84  6:44  Roach x3  
  90  6:56  Extractor, Drone  
  90  6:59  Overlord x2  
  90  7:00  Overlord x2  
  90  7:01  Overlord, Extractor  
  89  7:03  Lurker Den  
  89  7:19  Drone x3  
  89  7:20  Drone  
  93  7:50  Zerg Ground Armor Level 2, Zerg Melee Weapons Level 1  
  93  7:55  Hydralisk x2  
  93  7:56  Hydralisk x7  
  93  7:58  Roach x2  
  115  8:27  Roach  
  115  8:28  Roach x2  
  115  8:34  Overlord x3  
  121  8:35  Overlord  
  121  8:36  Overlord x2  
  121  8:37  Overlord  
  87  9:12  Hydralisk  
  87  9:13  Hydralisk x13  
  87  9:14  Roach  
  87  9:15  Roach x5  
  127  9:20  Lurker x2  
  127  9:22  Lurker  
  126  9:38  Infestation Pit  
  108  10:06  Roach  
  122  10:07  Roach x6, Hydralisk  
  122  10:08  Hydralisk x8  
  122  10:12  Zergling x4  
  142  10:27  Hive  
  105  11:17  Hydralisk x11  
  127  11:38  Roach  
  127  11:39  Roach x5  
Tags
 
Add a new tag
Caveats
  • Supply blocks, unpowered buildings, or Contaminate may cause inaccurate times.
  • Supply counts are checked every 10 seconds.